AoeStats
← [TBArg]Mafanez

Arabia

510301693Analyzed
1v1 RM · 3d ago on Sep 30, 2026· 45m 19s· 2 players
Game mode
Random Map
Map size
Tiny (2 player)
Population
200
Speed
Normal
Resources
Standard
Victory
Conquest
Starting age
Dark Age
Ending age
Imperial Age
RankedLock teamsTeams togetherTeam positionsShared explorationLock speedFull tech treeHidden civsTurbo modeCheats
Victory
Defeat
🇦🇷 Malians · Argentina
1033
+14
🇮🇳 Persians · India
995
-14
hpgk
4:39 Loom
9:07 Feudal Age
11:41 Double-Bit Axe
21:48 Castle Age
20:19 Horse Collar
20:33 Stone Mining
21:57 Forging
31:51 Gold Mining
35:43 Scale Barding Armor
36:51 Bloodlines
36:28 Pikeman
39:51 Bow Saw
43:05 Imperial Age
41:02 Husbandry
41:12 Fletching
41:51 Squires
42:52 Wheelbarrow
42:03 Town Watch
42:40 Masonry
42:40 Gambesons
43:03 Scale Mail Armor
43:35 Halberdier
[TBArg]Mafanez
6:52 Loom
9:05 Feudal Age
9:44 Double-Bit Axe
18:05 Padded Archer Armor
18:39 Horse Collar
22:29 Castle Age
21:30 Scale Barding Armor
21:20 Gold Mining
22:15 Fletching
22:32 Elite Skirmisher
23:29 Leather Archer Armor
27:28 Forging
31:38 Chain Barding Armor
31:36 Town Watch
32:56 Bow Saw
33:56 Bloodlines
34:31 Husbandry
35:07 Iron Casting
40:32 Imperial Age
40:05 Bodkin Arrow
41:51 Plate Barding Armor
41:20 Tigui
42:13 Heavy Camel Rider
43:31 Scale Mail Armor
44:26 Man-at-Arms
45:07 Squires
Connection lost

Rejoining the realm…

Still unreachable

The connection could not be restored.

Session expired

The server has moved on; the page needs a fresh start.